AoeStats
← saschauli

Arabia

510499087Analyzed
2v2 RM · 2d ago on Oct 1, 2026· 49m 26s· 4 players
Game mode
Random Map
Map size
Medium (4 player)
Population
200
Speed
Normal
Resources
Standard
Victory
Conquest
Starting age
Dark Age
Ending age
Imperial Age
RankedLock teamsTeams togetherTeam positionsShared explorationLock speedFull tech treeHidden civsTurbo modeCheats
Victory
Defeat
🇩🇪 Celts · Germany
971
+18
🇦🇺 Persians · Australia
964
+18
🇭🇰 Saxons · Hong Kong SAR China
1028
-19
🇭🇰 Varangians · Hong Kong SAR China
990
-17
saschauli
11:11 Feudal Age
10:21 Loom
18:31 Castle Age
16:35 Horse Collar
17:07 Double-Bit Axe
17:33 Stone Mining
18:15 Gold Mining
19:31 Heavy Plow
20:39 Bow Saw
20:43 Pikeman
22:15 Scale Mail Armor
29:46 Gold Shaft Mining
31:02 Forging
31:11 Chain Mail Armor
31:48 Stone Shaft Mining
36:00 Imperial Age
34:21 Iron Casting
37:18 Wheelbarrow
39:02 Blast Furnace
37:55 Fletching
38:58 Hand Cart
38:50 Town Watch
39:42 Plate Mail Armor
40:34 Conscription
42:18 Bodkin Arrow
46:31 Elite Woad Raider
FaZe Clarence
8:42 Loom
11:09 Feudal Age
11:36 Double-Bit Axe
18:29 Horse Collar
18:41 Fletching
23:27 Castle Age
21:58 Forging
24:35 Bow Saw
24:30 Heavy Plow
25:28 Husbandry
30:00 Iron Casting
32:00 Scale Barding Armor
32:46 Bloodlines
35:33 Chain Barding Armor
40:39 Imperial Age
40:21 Heavy Camel Rider
45:50 Blast Furnace
47:12 Elite War Elephant
dickenw
7:01 Loom
9:24 Feudal Age
20:35 Double-Bit Axe
23:25 Castle Age
23:45 Gold Mining
24:45 Pikeman
26:58 Scale Mail Armor
27:14 Forging
27:25 Squires
29:23 Bow Saw
29:00 Horse Collar
31:35 Chain Mail Armor
32:21 Arson
34:40 Wheelbarrow
38:37 Imperial Age
36:58 Gambesons
39:49 Iron Casting
40:25 Halberdier
42:10 Elite Varangian Guard
Lizeronx
12:23 Feudal Age
17:25 Castle Age
15:17 Double-Bit Axe
16:38 Horse Collar
18:20 Scale Mail Armor
19:43 Arson
21:23 Forging
24:05 Heavy Plow
24:17 Scale Barding Armor
25:11 Wheelbarrow
26:09 Chain Barding Armor
25:58 Gambesons
28:35 Bow Saw
29:36 Iron Casting
29:19 Chain Mail Armor
30:34 Squires
31:49 Iron Casting
32:13 Bloodlines
39:30 Imperial Age
37:23 Murder Holes
38:39 Hand Cart
38:17 Fletching
38:34 Husbandry
40:42 Elite Jarl
41:30 Elite Varangian Guard
43:42 Gothikon
45:40 Blast Furnace
Connection lost

Rejoining the realm…

Still unreachable

The connection could not be restored.

Session expired

The server has moved on; the page needs a fresh start.